AoeStats
← Raposao_SP

Fortress

509758757Analyzed
4v4 RM · 6d ago on Sep 27, 2026· 42m 7s· 8 players
Game mode
Random Map
Map size
Huge
Population
200
Speed
Normal
Resources
Standard
Victory
Conquest
Starting age
Dark Age
Ending age
Imperial Age
RankedLock teamsTeams togetherTeam positionsShared explorationLock speedFull tech treeHidden civsTurbo modeCheats
Victory
Defeat
🇧🇷 Persians · Brazil
1156
+11
🇧🇷 Franks · Brazil
1125
+12
🇧🇷 Bulgarians · Brazil
983
+18
🇧🇷 Huns · Brazil
936
+21
🇨🇱 Goths · Chile
1101
-18
🇨🇦 Danes · Canada
1057
-16
🇲🇽 Hindustanis · Mexico
1006
-14
🇨🇱 Khmer · Chile
993
-14
vmnS;DEVNw;ibFJCQWf'j
1:26 Loom
7:56 Feudal Age
9:38 Horse Collar
10:45 Double-Bit Axe
16:33 Castle Age
14:47 Stone Mining
15:08 Gold Mining
16:19 Arson
16:46 Forging
16:36 Scale Mail Armor
18:32 Bow Saw
19:04 Squires
20:29 Wheelbarrow
20:09 Heavy Plow
22:19 Gold Shaft Mining
23:01 Chain Mail Armor
24:35 Iron Casting
24:15 Hamask
26:53 Hand Cart
27:58 Gambesons
31:40 Imperial Age
29:10 Murder Holes
29:37 Ballistics
31:05 Stone Shaft Mining
31:58 Elite Jomsviking
32:59 Conscription
32:09 Capped Ram
33:57 Chemistry
34:12 Blast Furnace
34:47 Caravan
34:53 Onager
36:51 Siege Ram
37:28 Pikeman
39:10 Halberdier
Emkrypted
1:45 Loom
8:36 Feudal Age
9:28 Double-Bit Axe
13:06 Castle Age
11:29 Double-Bit Axe
12:35 Wheelbarrow
12:12 Horse Collar
23:15 Bow Saw
28:12 Imperial Age
26:13 Heavy Plow
26:16 Scale Mail Armor
26:21 Town Watch
27:06 Squires
27:19 Gold Mining
27:06 Pikeman
28:21 Fletching
28:24 Man-at-Arms
31:08 Chemistry
30:02 Halberdier
30:36 Long Swordsman
31:50 Conscription
32:29 Padded Archer Armor
34:40 Perfusion
jesusorlando555
3:50 Loom
6:38 Feudal Age
8:46 Feudal Age
7:30 Loom
9:25 Double-Bit Axe
9:21 Horse Collar
12:46 Castle Age
10:55 Double-Bit Axe
11:17 Horse Collar
12:54 Town Watch
13:25 Loom
14:35 Bow Saw
16:25 Heavy Plow
17:05 Wheelbarrow
16:50 Scale Barding Armor
17:38 Town Patrol
20:10 Gold Mining
22:38 Husbandry
22:50 Bloodlines
23:00 Hand Cart
23:36 Ballistics
27:57 Imperial Age
27:06 Stone Mining
27:54 Chain Barding Armor
27:13 Light Cavalry
28:23 Caravan
30:13 Chemistry
29:19 Tusk Swords
29:04 Elite Ballista Elephant
32:38 Forging
33:04 Plate Barding Armor
33:36 Siege Engineers
34:39 Double Crossbow
38:33 Conscription
39:14 Fortified Wall
38:57 Hussar
40:15 Iron Casting
adrazduarte
6:58 Feudal Age
12:01 Double-Bit Axe
14:21 Castle Age
12:39 Forging
12:50 Scale Mail Armor
12:57 Horse Collar
13:12 Gold Mining
15:21 Bow Saw
15:29 Heavy Plow
15:36 Squires
15:55 Chain Mail Armor
18:07 Wheelbarrow
20:48 Stone Mining
26:39 Imperial Age
24:39 Loom
28:16 Iron Casting
30:00 Chemistry
30:17 Hand Cart
31:28 Fletching
32:09 Murder Holes
Raposao_SP
7:28 Feudal Age
8:17 Double-Bit Axe
11:04 Castle Age
10:17 Double-Bit Axe
10:44 Loom
12:00 Bow Saw
16:38 Gold Mining
19:43 Husbandry
22:31 Gold Shaft Mining
25:14 Imperial Age
23:08 Forging
24:22 Wheelbarrow
24:25 Scale Barding Armor
23:52 Pikeman
25:08 Iron Casting
25:41 Stone Mining
26:12 Cavalier
27:58 Iron Casting
27:45 Chain Barding Armor
27:48 Hand Cart
27:37 Town Watch
29:09 Paladin
31:22 Blast Furnace
33:54 Plate Barding Armor
33:24 Town Patrol
37:07 Chemistry
36:43 Chivalry
Lucas Capita
0:30 Loom
7:18 Feudal Age
7:39 Horse Collar
7:46 Double-Bit Axe
13:39 Castle Age
11:38 Stone Mining
15:40 Wheelbarrow
15:18 Heavy Plow
20:38 Bow Saw
20:21 Gold Mining
26:43 Imperial Age
24:32 Fletching
25:21 Hand Cart
25:23 Bodkin Arrow
25:49 Town Watch
26:25 Forging
25:39 Light Cavalry
27:35 Crop Rotation
28:08 Two-Man Saw
27:39 Husbandry
27:49 Bloodlines
27:00 Hussar
29:35 Ballistics
30:15 Chemistry
29:41 Padded Archer Armor
30:04 Conscription
29:45 Kamandaran
29:40 Crossbowman
30:25 Thumb Ring
30:41 Leather Archer Armor
31:45 Iron Casting
31:27 Murder Holes
31:15 Elite War Elephant
33:41 Cavalier
34:34 Citadels
35:00 Ring Archer Armor
38:08 Scale Barding Armor
39:04 Blast Furnace
39:32 Hoardings
38:59 Savar
Balbinot0101711
7:25 Feudal Age
11:23 Castle Age
9:41 Horse Collar
10:06 Double-Bit Axe
12:22 Bow Saw
13:13 Heavy Plow
15:14 Loom
17:54 Wheelbarrow
18:02 Gambesons
19:32 Gold Mining
24:24 Imperial Age
22:10 Squires
22:12 Scale Mail Armor
22:23 Forging
23:17 Hand Cart
24:13 Iron Casting
23:54 Chain Mail Armor
23:30 Arson
24:16 Town Watch
23:56 Pikeman
25:31 Gold Shaft Mining
24:47 Stone Mining
26:07 Town Patrol
27:45 Plate Mail Armor
28:16 Blast Furnace
31:38 Fletching
31:48 Padded Archer Armor
33:33 Stone Shaft Mining
33:21 Conscription
33:55 Bodkin Arrow
36:48 Bagains
38:44 Crop Rotation
40:21 Chemistry
39:42 Ballistics
39:53 Halberdier
guilherhand
8:44 Feudal Age
9:56 Double-Bit Axe
10:39 Gold Mining
11:05 Horse Collar
13:04 Loom
17:04 Castle Age
15:35 Scale Barding Armor
15:40 Forging
16:56 Stone Mining
17:28 Fletching
18:43 Marauders
19:59 Bow Saw
20:57 Gold Shaft Mining
22:49 Heavy Plow
22:44 Loom
25:05 Murder Holes
26:25 Husbandry
26:36 Bloodlines
28:20 Chain Barding Armor
28:37 Iron Casting
31:16 Imperial Age
29:48 Wheelbarrow
30:04 Masonry
31:26 Elite Tarkan
33:24 Plate Barding Armor
34:00 Blast Furnace
34:53 Two-Man Saw
Connection lost

Rejoining the realm…

Still unreachable

The connection could not be restored.

Session expired

The server has moved on; the page needs a fresh start.